 Dungeon Crawl Stone Soup version 0.27.1-33-g824d729ab1 (webtiles) character file.

Game seed: 2399036021069149393

183 zeram the Grave Robber (level 5, -7/34 (37) HPs)
             Began as a Gnoll Necromancer on Dec 19, 2021.
             Mangled by a wight (10 damage)
             ... on level 4 of the Dungeon.
             The game lasted 00:07:38 (4553 turns).

zeram the Grave Robber (Gnoll Necromancer)          Turns: 4553, Time: 00:07:39

HP:   -7/34 (37)    AC:  4    Str:  7    XL:     5   Next: 62%
MP:   12/12         EV: 13    Int: 14    God:
Gold: 214           SH:  0    Dex: 12    Spells: 10/14 levels left

rFire    . . .     SeeInvis .   b - +1 short sword (drain)
rCold    . . .     Faith    .   (no shield)
rNeg     . . .     Spirit   .   a - +1 robe
rPois    .         Reflect  .   (no helmet)
rElec    .         Harm     .   (no cloak)
rCorr    .         Rampage  .   (no gloves)
Will     .....                  (no boots)
Stlth    +++.......             (no amulet)
HPRegen  0.11/turn              (no ring)
MPRegen  0.13/turn              (no ring)

@: attractive, drained
A: fangs 1, strong nose, distributed training, dopey 1, shaggy fur 1
a: no special abilities


You were on level 4 of the Dungeon.
You visited 1 branch of the dungeon, and saw 4 of its levels.

You collected 214 gold pieces.

Inventory:

Hand Weapons
 b - a +1 short sword of draining (weapon)
 c - a +0 dagger
Missiles
 d - 51 stones (quivered)
Armour
 a - a +1 robe (worn)
Potions
 g - a potion of brilliance
 h - a potion of mutation
 i - a potion of degeneration {unknown}
 j - a potion of cancellation


   Skills:
 + Level 1.6 Fighting
 + Level 1.6 Short Blades
 + Level 1.6 Long Blades
 + Level 1.6 Axes
 + Level 1.6 Maces & Flails
 + Level 1.6 Polearms
 + Level 1.6 Staves
 + Level 1.6 Slings
 + Level 1.6 Bows
 + Level 1.6 Crossbows
 + Level 1.6 Throwing
 + Level 1.6 Armour
 + Level 4.8 Dodging
 + Level 4.4 Stealth
 + Level 1.6 Shields
 + Level 1.6 Unarmed Combat
 + Level 5.2 Spellcasting
 + Level 1.2 Conjurations
 + Level 1.2 Hexes
 + Level 1.2 Summonings
 + Level 7.2 Necromancy
 + Level 1.2 Translocations
 + Level 1.2 Transmutations
 + Level 1.2 Fire Magic
 + Level 1.2 Ice Magic
 + Level 1.2 Air Magic
 + Level 1.2 Earth Magic
 + Level 1.2 Poison Magic
 + Level 1.8 Invocations
 + Level 1.6 Evocations


You had 10 spell levels left.
You knew the following spells:

 Your Spells              Type           Power      Damage    Failure   Level
a - Pain                  Necr           92%        1d8       1%          1
b - Vampiric Draining     Necr           11%        2d7       2%          3

Your spell library contained the following spells:

 Spells                   Type           Power      Damage    Failure   Level
 Animate Skeleton         Necr           46%        N/A       1%          1
 Animate Dead             Necr           11%        N/A       9%          4
 Agony                    Necr           23%        N/A       24%         5
 Call Canine Familiar     Summ           7%         N/A       30%         3
 Portal Projectile        Hex/Tloc       14%        N/A       30%         3
 Leda's Liquefaction      Hex/Erth       3%         N/A       69%         4
 Summon Forest            Summ/Tloc      3%         N/A       95%         5
 Eringya's Noxious Bog    Tmut/Pois      3%         N/A       100%        6
 Summon Hydra             Summ           3%         N/A       100%        7


Dungeon Overview and Level Annotations

Branches:
Dungeon (4/15)
 Temple: D:4-7

Altars:
Fedhas

Shops:
D:1 !


Innate Abilities, Weirdness & Mutations

You have very sharp teeth.
Your uncanny sense of smell can sniff out nearby items.
Your experience applies equally to all skills.
You are dopey. (Int -2)
You are covered in fur. (AC +1)


Message History

Items here: )) [ ÷.
A wight is nearby!
A wight is nearby!
A wight is nearby!
A wight is nearby!
You closely miss the wight. The wight hits you with a +0 trident!
The wight closely misses you.
Items here: )) [ ÷.
The wight barely misses you. The wight barely misses you.
It was a potion of attraction.
You feel attractive to monsters.
The wight hits you from afar with a +0 trident.
You feel drained. The wight is pulled toward you! x2
You hit the wight.
The wight is moderately damaged.
The wight closely misses you. The wight is pulled toward you!
The wight hits you but does no damage. The wight is pulled toward you!
The wight is pulled toward you! x2
The wight is pulled toward you! The wight closely misses you.
The wight is pulled toward you! x2
The wight closely misses you. The wight is pulled toward you!
The wight closely misses you. The wight is pulled toward you! x2
The wight barely misses you. The wight is pulled toward you!
The wight hits you from afar with a +0 trident.
You feel drained. The wight is pulled toward you! x2
The wight misses you. The wight is pulled toward you! x2
The wight closely misses you. The wight is pulled toward you! x2
The wight misses you. The wight is pulled toward you! x2
The wight hits you from afar with a +0 trident!
The wight is pulled toward you! x2
The wight hits you from afar with a +0 trident.
The wight is pulled toward you!
The wight hits you from afar with a +0 trident!
* * * LOW HITPOINT WARNING * * *
The wight is pulled toward you! x2
The wight misses you. The wight is pulled toward you! x2
The wight hits you from afar with a +0 trident!
You die...

###.####
#.......##.##.#.#
#..#
#.............#.#
##.#
#.......##.#.##.# #.#
#)......##.#.##.# #.#
#.......##......# #.#
#.......####.#### #.#
######### #.#
#.#####......## #.#
##..zz.@.......# #.#
#...####.####..####.#
#.....##<##....)....#
#...#.......#..######
###.####.......#
#.####.#####.#
#.........)<.#
##############


You could see 2 wights.

Vanquished Creatures
  A scorpion zombie (D:3)
  3 gnolls (D:4)
  An adder (D:2)
  An ufetubus (D:4)
  An adder zombie (D:3)
  An adder skeleton (D:4)
  A worm (D:3)
  3 dart slugs
  7 orcs
  5 endoplasms
  3 giant cockroaches (D:1)
  3 goblins
  9 hobgoblins
  7 jackals
  6 kobolds
  A quokka (D:1)
  4 ball pythons
  4 bats
  3 frilled lizards
  5 rats
69 creatures vanquished.

Vanquished Creatures (collateral kills)
  A wight (D:3)
  An endoplasm (D:3)
2 creatures vanquished.

Grand Total: 71 creatures vanquished

Notes
Turn   | Place    | Note
-------+----------+-------------------------------------------
     0 | D:1      | zeram the Gnoll Necromancer began the quest for the Orb.
     0 | D:1      | Reached XP level 1. HP: 13/13 MP: 6/6
    91 | D:1      | Reached XP level 2. HP: 12/19 MP: 1/7
   353 | D:1      | Found a faded altar of an unknown god.
   732 | D:1      | Reached XP level 3. HP: 23/25 MP: 6/9
   740 | D:1      | Reached skill level 5 in Spellcasting
  1112 | D:1      | Found Quaq's Distillery.
  1426 | D:2      | Reached skill level 1 in Invocations
  1505 | D:2      | Learned a level 3 spell: Vampiric Draining
  1849 | D:2      | Reached skill level 1 in Fighting
  1849 | D:2      | Reached skill level 1 in Short Blades
  1849 | D:2      | Reached skill level 1 in Long Blades
  1849 | D:2      | Reached skill level 1 in Axes
  1849 | D:2      | Reached skill level 1 in Maces & Flails
  1849 | D:2      | Reached skill level 1 in Polearms
  1849 | D:2      | Reached skill level 1 in Staves
  1849 | D:2      | Reached skill level 1 in Slings
  1849 | D:2      | Reached skill level 1 in Bows
  1849 | D:2      | Reached skill level 1 in Crossbows
  1849 | D:2      | Reached skill level 1 in Throwing
  1849 | D:2      | Reached skill level 1 in Armour
  1849 | D:2      | Reached skill level 1 in Shields
  1849 | D:2      | Reached skill level 1 in Unarmed Combat
  1849 | D:2      | Reached skill level 1 in Evocations
  2005 | D:2      | Reached XP level 4. HP: 25/32 MP: 8/11
  2713 | D:3      | Found a blossoming altar of Fedhas.
  2791 | D:3      | Reached skill level 1 in Conjurations
  2791 | D:3      | Reached skill level 1 in Hexes
  2791 | D:3      | Reached skill level 1 in Summonings
  2791 | D:3      | Reached skill level 1 in Translocations
  2791 | D:3      | Reached skill level 1 in Transmutations
  2791 | D:3      | Reached skill level 1 in Fire Magic
  2791 | D:3      | Reached skill level 1 in Ice Magic
  2791 | D:3      | Reached skill level 1 in Air Magic
  2791 | D:3      | Reached skill level 1 in Earth Magic
  2791 | D:3      | Reached skill level 1 in Poison Magic
  3855 | D:3      | Reached XP level 5. HP: 35/37 MP: 12/12
  3976 | D:3      | Gained mutation: You are dopey. (Int -2) [potion of
                  | mutation]
  3976 | D:3      | Gained mutation: You are covered in fur. (AC +1) [potion of
                  | mutation]
  4553 | D:4      | Mangled by a wight

Illustrated notes

Levels and vault maps discovered:
D:1:      mushboom_english_gardens, layout_loops_ring, serial_shops,
          nicolae_shop_waterfront, ebering_ecumenical_altar_hall,
          minmay_hedge_maze
D:2:      layout_rooms, chequers_serial_rivers_micro_d
D:3:      layout_rooms, fedhas_altar_3, serial_undead, serial_undead_f,
          serial_undead_b, serial_undead_b, serial_undead_c
D:4:      layout_loops_cross, nicolae_gozag_cash_rules_everything_around_me,
          amcnicky_altar_gilded

Skill      XL: |  1  2  3  4 |
---------------+-------------+-----
Spellcasting   | 5 |  5.2
Invocations    | 1 |  1.8
Fighting       | 1 |  1.6
Short Blades   | 1 |  1.6
Long Blades    | 1 |  1.6
Axes           | 1 |  1.6
Maces & Flails | 1 |  1.6
Polearms       | 1 |  1.6
Staves         | 1 |  1.6
Slings         | 1 |  1.6
Bows           | 1 |  1.6
Crossbows      | 1 |  1.6
Throwing       | 1 |  1.6
Armour         | 1 |  1.6
Shields        | 1 |  1.6
Unarmed Combat | 1 |  1.6
Evocations     | 1 |  1.6
Conjurations   | 1 |  1.2
Hexes          | 1 |  1.2
Summonings     | 1 |  1.2
Translocations | 1 |  1.2
Transmutations | 1 |  1.2
Fire Magic     | 1 |  1.2
Ice Magic      | 1 |  1.2
Air Magic      | 1 |  1.2
Earth Magic    | 1 |  1.2
Poison Magic   | 1 |  1.2
Dodging        | |  4.8
Stealth        | |  4.4
Necromancy     | |  7.2

Action                   |  1- 3 |  4- 6 || total
-------------------------+-------+-------++-------
Melee: Unarmed           |     2 |       ||     2
       Dagger            |    41 |   111 ||   152
       Bite              |     3 |     9 ||    12
       Short sword       |       |     3 ||     3
 Cast: Pain              |    50 |    30 ||    80
       Vampiric Draining |       |     8 ||     8
  Use: Scroll            |     5 |     2 ||     7
       Potion            |       |     4 ||     4
 Stab: Sleeping          |     8 |     3 ||    11
Armor: Robe              |     5 |    35 ||    40
       Skin              |       |     1 ||     1
Dodge: Dodged            |    31 |   120 ||   151
